AoeStats
← Look There ->

Glade

510788867Analyzed
1v1 RM · 15h ago on Oct 2, 2026· 39m 50s· 2 players
Game mode
Random Map
Map size
Tiny (2 player)
Population
200
Speed
Normal
Resources
Standard
Victory
Conquest
Starting age
Dark Age
Ending age
Imperial Age
RankedLock teamsTeams togetherTeam positionsShared explorationLock speedFull tech treeHidden civsTurbo modeCheats
Victory
Defeat
🇮🇹 Mongols · Italy
1693
+13
🇮🇳 Wu · India
1628
-13
andreamancassola12
5:35 Loom
8:17 Feudal Age
10:46 Double-Bit Axe
12:00 Bloodlines
12:09 Horse Collar
16:43 Fletching
17:11 Loom
25:01 Castle Age
23:53 Gold Mining
24:03 Town Watch
25:20 Scale Barding Armor
26:00 Bow Saw
26:27 Gold Shaft Mining
25:54 Heavy Plow
32:15 Forging
32:19 Husbandry
33:48 Chain Barding Armor
Look There ->
6:49 Loom
9:42 Feudal Age
10:05 Man-at-Arms
15:00 Double-Bit Axe
14:56 Horse Collar
16:38 Arson
19:16 Wheelbarrow
22:13 Castle Age
22:24 Fletching
22:35 Padded Archer Armor
22:20 Elite Skirmisher
23:28 Bodkin Arrow
25:02 Heavy Plow
24:38 Crossbowman
27:17 Gold Mining
28:07 Ballistics
Connection lost

Rejoining the realm…

Still unreachable

The connection could not be restored.

Session expired

The server has moved on; the page needs a fresh start.